 Dungeon Crawl Stone Soup version 0.28-a0-1167-g616b1c6417 (webtiles) character file.

Game seed: 5555731417974967082

7449 Froggeryz the Arsonist (level 11, 0/109 HPs)
             Began as an Ogre Fire Elementalist on Dec 16, 2021.
             Was an Initiate of Gozag.
             Slain by a centaur warrior (10 damage)
             ... on level 9 of the Dungeon.
             The game lasted 00:22:26 (13764 turns).

Froggeryz the Arsonist (Ogre Fire Elementalist)    Turns: 13764, Time: 00:22:27

Health: 0/109      AC:  4    Str: 14    XL:     11   Next: 15%
Magic:  3/18       EV: 15    Int: 20    God:    Gozag
Gold:   908        SH:  0    Dex:  9    Spells: 13/20 levels left

rFire   . . .      SeeInvis .   a - +5 quarterstaff (venom)
rCold   . . .      Faith    .   (shield currently unavailable)
rNeg    . . .      Spirit   .   k - +0 robe {Will+}
rPois   .          Reflect  .   (helmet restricted)
rElec   .          Harm     .   l - +0 cloak
rCorr   .          Rampage  .   (gloves unavailable)
Will    ++...                   (boots unavailable)
Stlth   +.........              (no amulet)
HPRegen 0.28/turn               s - ring of wizardry
MPRegen 0.16/turn               r - +4 ring of evasion

@: gold aura, slowed, very slow
A: large, unfitting armour, tough skin 1
a: Renounce Religion, Potion Petition, Call Merchant, Bribe Branch


You were on level 9 of the Dungeon.
You worshipped Gozag.
Gozag was pleased with you.
You visited 1 branch of the dungeon, and saw 9 of its levels.
You also visited: Sewer and Ossuary.

You collected 1135 gold pieces.
You paid 227 gold pieces to Gozag.

Inventory:

Hand Weapons
 a - a +5 quarterstaff of venom (weapon)
Armour
 k - a +0 robe of willpower (worn)
 l - a +0 cloak (worn)
 q - a +0 kite shield
Magical Staves
 o - a staff of earth
Jewellery
 r - a +4 ring of evasion (right hand)
 s - a ring of wizardry (left hand)
Wands
 m - a wand of flame (15)
 y - a wand of iceblast (12)
Scrolls
 b - 2 scrolls of enchant weapon
 e - 2 scrolls of teleportation
 g - 2 scrolls of enchant armour
 n - 4 scrolls of fog
 p - 2 scrolls of magic mapping
 x - 2 scrolls of immolation
Potions
 c - 8 potions of curing
 f - 4 potions of heal wounds
 i - a potion of flight {unknown}
 j - a potion of invisibility
 t - a potion of lignification {unknown}
 w - a potion of degeneration {unknown}
 z - a potion of haste {unknown}
 A - 2 potions of magic
 B - a potion of brilliance {unknown}
 C - 2 potions of berserk rage {unknown}
 D - 2 potions of resistance
 E - 4 potions of cancellation {unknown}
 F - a potion of might {unknown}
Miscellaneous
 G - a condenser vane (inert)


   Skills:
 + Level 7.0 Fighting
 - Level 5.1 Dodging
 - Level 1.4 Stealth
 * Level 6.6 Shields
 - Level 5.0 Spellcasting
 - Level 5.3 Conjurations
 - Level 10.6 Fire Magic


You had 13 spell levels left.
You knew the following spells:

 Your Spells              Type           Power      Damage    Failure   Level
a - Foxfire               Conj/Fire      100%       2x1d9     1%          1
b - Scorch                Fire           94%        2d10      1%          2
c - Flame Wave            Conj/Fire      36%        2d7       1%          4

Your spell library contained the following spells:

 Spells                   Type           Power      Damage    Failure   Level
 Conjure Flame            Conj/Fire      36%        6-21      1%          3
 Inner Flame              Hex/Fire       26%        N/A       1%          3
 Beastly Appendage        Tmut           10%        N/A       4%          1
 Freeze                   Ice            20%        1d4       4%          1
 Sandblast                Erth           10%        2d5       4%          1
 Slow                     Hex            20%        N/A       4%          1
 Stone Arrow              Conj/Erth      30%        3d8       4%          3
 Passwall                 Tmut/Erth      4%         N/A       7%          2
 Wereblood                Tmut           5%         N/A       7%          2
 Confusing Touch          Hex            5%         N/A       14%         3
 Frozen Ramparts          Ice            10%        1d3       14%         3
 Spider Form              Tmut/Pois      5%         N/A       14%         3
 Hailstorm                Conj/Ice       15%        3d5       16%         4
 Yara's Violent Unravell  Hex/Tmut       2%         3d3       75%         5
 Chain Lightning          Conj/Air       7%         3d10      100%        9
 Fire Storm               Conj/Fire      18%        8d5       100%        9
 Shatter                  Erth           2%         3d6*      100%        9


Dungeon Overview and Level Annotations

Branches:
Dungeon (9/15)             Temple (0/1) D:7            Lair (0/6) D:9
  Sewer (visited)         Ossuary (visited)
    Orc: D:9-12

Altars:
Ashenzari
Dithmenos
Gozag
Makhleb
Okawaru
Ru
Xom
The Shining One

Shops:
D:7 *

Annotations:
D:7 2 transporters, Mandevil's ghost, novice KoNe


Innate Abilities, Weirdness & Mutations

You are too large for most types of armour.
You have tough skin. (AC +1)


Message History

The centaur warrior hits you but does no damage.
The centaur warrior kicks you.
Your foxfire dissipates!
The centaur warrior wields a +0 shortbow.
The centaur warrior shoots an arrow.
The arrow hits you!!
There is an open door, spattered with blood here.
Casting: Scorch (safe; 1% risk of failure)
Confirm with . or Enter, or press ? or * to list all spells.
Flames lash the centaur warrior.
The centaur warrior is burned terribly!
The centaur warrior is almost dead.
The freezing wraith completely misses you.
The freezing wraith misses you.
Casting: Scorch (safe; 1% risk of failure)
Confirm with . or Enter, or press ? or * to list all spells.
Flames lash the freezing wraith.
The freezing wraith is burned terribly!
The freezing wraith is severely damaged.
The centaur warrior is no longer more vulnerable to fire.
The freezing wraith is no longer more vulnerable to fire.
The freezing wraith barely misses you. The freezing wraith hits you.
Casting: Scorch (safe; 1% risk of failure)
Confirm with . or Enter, or press ? or * to list all spells.
Flames lash the freezing wraith.
The freezing wraith is burned terribly!
The freezing wraith is almost destroyed.
The freezing wraith's fire resistance burns away.
The freezing wraith hits you.
* * * LOW HITPOINT WARNING * * *
The freezing wraith freezes you!
* * * LOW HITPOINT WARNING * * *
The freezing wraith hits you!
* * * LOW HITPOINT WARNING * * *
The freezing wraith drains your vigour!
You feel yourself slow down.
Casting: Scorch (safe; 1% risk of failure)
Confirm with . or Enter, or press ? or * to list all spells.
Flames lash the freezing wraith.
The freezing wraith is burned terribly!
You destroy the freezing wraith!
You hear a shout!
The centaur warrior unwields a +0 shortbow.
The centaur warrior hits you!
You die...
Your body crumbles into a pile of gold.

###.#####<....#........#...######
#.#...#.....#........#...+
#.#...#..[..#.....####...#
#.#...'.....'.....# .....#
#.#...#.....#.....#......#
###.#...#.....#+#####......#
....#####..................#
.>......................
.............###@####### $
............####c## ..###'##...##
#...# $ ..#....'...## ##.#### $
..#....#...##)##.##§##.##.
..#....#...##.....§.cuW...
..##...#...##.##.##.##.##[
...#...##..## ##.####
...#....#..# #[..# $ $


You could see a centaur warrior (poisoned).

Vanquished Creatures
  Harold (D:9)
  A two-headed ogre (D:7)
  A kobold demonologist (D:9)
  A freezing wraith (D:9)
  A hornet (D:8)
  Grinder (D:5)
  3 slime creatures (D:9)
  A wraith (D:9)
  Sigmund (D:5)
  2 wyverns (D:9)
  6 yaks
  Menkaure (D:7)
  2 water moccasins
  3 orc warriors
  A black bear (D:4)
  An ice beast (D:7)
  2 necrophages
  3 centaurs
  4 ogres
  A phantom (D:5)
  A kobold brigand (D:8)
  3 bullfrogs
  3 scorpions
  A water moccasin zombie (D:5)
  7 killer bees
  A wight (D:9)
  3 howler monkeys (D:9)
  A gnoll shaman (D:9)
  3 orc priests
  Crazy Yiuf (D:2)
  A centaur skeleton (D:5)
  Jessica (D:2)
  Ijyb (D:3)
  3 iguanas
  10 orc wizards
  Terence (D:3)
  8 mummies (Ossuary)
  A howler monkey zombie (D:6)
  2 howler monkey skeletons
  Robin (D:2)
  6 adders
  3 gnolls (D:9)
  2 river rats (D:5)
  4 shadow imps
  An ufetubus (D:7)
  2 worms
  2 dart slugs
  33 orcs
  14 ball pythons
  17 endoplasms
  13 giant cockroaches
  A gnoll zombie (Ossuary)
  19 goblins
  10 hobgoblins
  3 jackals (D:1)
  14 kobolds
  14 quokkas
  6 bats
  18 frilled lizards
  2 hobgoblin zombies (Ossuary)
  2 kobold zombies (Ossuary)
  3 orc zombies (Ossuary)
  A quokka zombie (D:5)
  9 rats
  A rat zombie (D:5)
  A butterfly (D:7)
291 creatures vanquished.

Vanquished Creatures (collateral kills)
  A foxfire (D:3)
1 creature vanquished.

Vanquished Creatures (others)
  794 foxfires
  A fungus (D:2)
  6 plants (D:1)
  18 withered plants (D:1)
819 creatures vanquished.

Grand Total: 1111 creatures vanquished

Notes
Turn   | Place    | Note
-------+----------+-------------------------------------------
     0 | D:1      | Froggeryz the Ogre Fire Elementalist began the quest for
                  | the Orb.
     0 | D:1      | Reached XP level 1. HP: 16/16 MP: 3/3
    46 | D:1      | Reached skill level 1 in Conjurations
   230 | D:1      | Reached skill level 3 in Fire Magic
   230 | D:1      | Reached XP level 2. HP: 24/24 MP: 0/5
   754 | D:1      | Found a faded altar of an unknown god.
  1140 | D:2      | Reached XP level 3. HP: 31/31 MP: 5/7
  1277 | D:2      | Found a runed translucent door.
  1278 | D:2      | Noticed Crazy Yiuf
  1735 | D:2      | Noticed Jessica
  1742 | D:2      | Killed Jessica
  1743 | D:2      | Reached XP level 4. HP: 26/39 MP: 3/9
  2174 | D:2      | Killed Crazy Yiuf
  2175 | D:2      | Reached XP level 5. HP: 45/45 MP: 4/11
  2355 | D:2      | Noticed Robin
  2362 | D:2      | Killed Robin
  2837 | D:3      | Noticed Ijyb
  2847 | D:3      | Killed Ijyb
  3026 | D:3      | Reached XP level 6. HP: 53/53 MP: 8/13
  3030 | D:3      | Learned a level 2 spell: Scorch
  3173 | D:3      | Found a shimmering altar of Xom.
  3232 | D:3      | Noticed Terence
  3239 | D:3      | Killed Terence
  3321 | D:3      | Reached skill level 5 in Spellcasting
  4266 | D:4      | Noticed a necrophage
  4301 | D:4      | Killed a necrophage
  4302 | D:4      | Reached skill level 4 in Fire Magic
  4302 | D:4      | Reached XP level 7. HP: 13/59 MP: 3/14
  4706 | D:4      | Identified the +8 scale mail of Valiance {rC+}
  5078 | D:5      | Entered Level 5 of the Dungeon
  5160 | D:5      | Noticed Grinder
  5167 | D:5      | Killed Grinder
  5168 | D:5      | Reached skill level 5 in Conjurations
  5168 | D:5      | Reached skill level 5 in Fire Magic
  5214 | D:5      | Reached XP level 8. HP: 17/67 MP: 15/15
  5250 | D:5      | Found a sand-covered staircase.
  5298 | Ossuary  | Entered an ossuary
  5634 | D:5      | Reached skill level 6 in Fire Magic
  5636 | D:5      | Found a glowing drain.
  5650 | Sewer    | Entered a sewer
  5921 | Sewer    | Reached skill level 1 in Fighting
  6665 | D:5      | Found a sacrificial altar of Ru.
  6819 | D:5      | Found a glowing golden altar of the Shining One.
  6960 | D:5      | Found an iron altar of Okawaru.
  7047 | D:5      | Noticed Sigmund
  7054 | D:5      | Killed Sigmund
  7055 | D:5      | Reached skill level 5 in Fighting
  7707 | D:6      | Reached XP level 9. HP: 66/91 MP: 9/16
  7845 | D:6      | Reached skill level 7 in Fire Magic
  7933 | D:6      | Found a shadowy altar of Dithmenos.
  8206 | D:7      | Noticed a two-headed ogre
  8213 | D:7      | Killed a two-headed ogre
  8294 | D:7      | Reached skill level 8 in Fire Magic
  8329 | D:7      | Found a transporter.
  8340 | D:7      | Noticed a moth of wrath
  8340 | D:7      | Noticed Mandevil's ghost (novice KoNe)
  8396 | D:7      | Found a transporter.
  8397 | D:7      | Noticed Menkaure
  8403 | D:7      | Killed Menkaure
  8641 | D:7      | Reached skill level 5 in Dodging
  8723 | D:7      | You fall into a shaft and drop 1 floor!
  8723 | D:8      | Noticed a hornet
  8731 | D:8      | Found a burning altar of Makhleb.
  9154 | D:7      | Found Gozag's Platinum Reserve.
  9159 | D:7      | Found an opulent altar of Gozag.
  9196 | D:7      | Became a worshipper of Gozag Ym Sagoz the Greedy
  9209 | D:7      | Found a staircase to the Ecumenical Temple.
  9337 | D:7      | Reached skill level 1 in Shields
  9404 | D:7      | Reached XP level 10. HP: 100/100 MP: 14/17
 10198 | D:8      | Reached skill level 9 in Fire Magic
 10236 | D:8      | Paralysed by a hornet for 3 turns
 11444 | D:9      | Found a staircase to the Lair.
 11614 | D:9      | Found a broken altar of Ashenzari.
 11736 | D:9      | Noticed a kobold demonologist
 11743 | D:9      | Noticed an orange demon
 12089 | D:9      | Learned a level 4 spell: Flame Wave
 12656 | D:9      | Noticed Harold
 12671 | D:9      | Killed Harold
 12672 | D:9      | Reached skill level 5 in Shields
 12672 | D:9      | Reached skill level 10 in Fire Magic
 13020 | D:9      | Killed a kobold demonologist
 13021 | D:9      | Reached XP level 11. HP: 59/106 MP: 13/18
 13744 | D:9      | Noticed a red ugly thing
 13748 | D:9      | Noticed a centaur warrior
 13764 | D:9      | Slain by a centaur warrior

Illustrated notes

Levels and vault maps discovered:
D:1:      lemuel_arrival_broad_hall, layout_rooms,
          shapermc_ecumenical_altar_flowoftime
D:2:      layout_loops_corners, uniq_crazy_yiuf_cottage, uniq_jessica,
          uniq_robin
D:3:      layout_basic, mainiacjoe_overflow_boulevard,
          minmay_misc_feat_ornament, uniq_terence, uniq_ijyb
D:4:      layout_basic, chequers_serial_rivers_small_3, minmay_checkerbox
D:5:      layout_loops_cross, kennysheep_okawaru_gauntlet,
          nicolae_ru_awakened_eye, tso_metal_star, enter_ossuary_4,
          cheibrodos_sewer_entry_sluice, amcnicky_mini_rare_corridor_liquid,
          patterned_corridor, uniq_grinder, uniq_sigmund
D:6:      layout_rooms, mainiacjoe_overflow_six_doors_small
D:7:      layout_layer_cave, nicolae_gozag_zags_fifth_avenue,
          minmay_temple_entry_butterflies, gammafunk_ghost_berserking_beasts,
          uniq_menkaure
D:8:      layout_rooms, mainiacjoe_overflow_tiny_flanked
D:9:      hangedman_cross_veins, layout_irregular_city,
          nicolae_overflow_crystal_walls, tgw_sif, lair_entry_dummy, uniq_harold

Skill      XL: |  1  2  3  4  5  6  7  8  9 10 11 |
---------------+----------------------------------+-----
Conjurations   | 1 2 3 4 5 |  5.3
Fire Magic     | 3 4 5 6 8 10 | 10.6
Spellcasting   | 3 4 5 |  5.0
Fighting       | 6 7 |  7.0
Dodging        | 5 |  5.1
Shields        | 1 5 6 |  6.6
Stealth        | |  1.4

Action                   |  1- 3 |  4- 6 |  7- 9 | 10-12 || total
-------------------------+-------+-------+-------+-------++-------
Melee: Unarmed           |     1 |       |       |       ||     1
       Whip              |    37 |     6 |       |       ||    43
       Dagger            |    16 |       |       |       ||    16
       Quarterstaff      |       |    41 |    35 |    28 ||   104
 Cast: Foxfire           |    55 |    80 |   219 |   119 ||   473
       Scorch            |       |     9 |    26 |    50 ||    85
       Flame Wave        |       |       |       |     8 ||     8
Evoke: Wand              |       |       |     3 |       ||     3
       Condenser vane    |       |       |       |     1 ||     1
  Use: Potion            |       |     4 |     2 |       ||     6
       Scroll            |       |       |    16 |     4 ||    20
 Stab: Paralysed         |       |     1 |       |       ||     1
       Sleeping          |       |       |     1 |       ||     1
Armor: Robe              |    21 |    23 |    33 |    31 ||   108
Dodge: Dodged            |    26 |    43 |    58 |   143 ||   270

Table legend: (Time is in decaauts)
 A = Elapsed time spent in this place.
 B = Non-inter-level travel time spent in this place.
 C = Inter-level travel time spent in this place.
 D = Time resting spent in this place.
 E = Time spent auto-exploring this place.
 F = Levels seen in this place.
 G = Mean time per level.
                   A        B        C        D        E       F      G
               +--------+--------+--------+--------+--------+-----+--------+
         Total |  13902 |  13522 |    380 |   3328 |   7688 |  11 | 1263.8 |
       Dungeon |  12888 |  12508 |    380 |   2883 |   7654 |   9 | 1432.0 |
         Sewer |    713 |    713 |      0 |    348 |     34 |   1 |  713.0 |
       Ossuary |    300 |    300 |      0 |     97 |      0 |   1 |  300.0 |
               +--------+--------+--------+--------+--------+-----+--------+

Top non-repeatable levels by time:
     D:8: 1951 daAuts
     D:9: 1894 daAuts
     D:7: 1741 daAuts
     D:2: 1687 daAuts
     D:5: 1646 daAuts
     D:3: 1275 daAuts
     D:1: 1124 daAuts
     D:4: 1052 daAuts
   Sewer: 713 daAuts
     D:6: 514 daAuts
 Ossuary: 300 daAuts
